[ AOE2 MATCH · #506224685 ]
UnrankedGoths vs Bengalis
Player's team · LOSS
Rival team · WIN
[ REPLAY ANALYSIS · EXTRACTED FROM THE RECORDED GAME ]
Feudal
11:46
Castle
15:43
Imperial
—
| APM avg | 43.4 |
| APM peak | 70 |
| eAPM avg | 27.2 |
| Villagers / military | 63 / 13 |
Focus
⚔️ 33.2% · 🌾 66.8%
Petard ×9 · Monk ×3 · Mangonel ×1 · Trade Cart ×1
Feudal
8:26
Castle
19:51
Imperial
—
| APM avg | 36.4 |
| APM peak | 83 |
| eAPM avg | 23.4 |
| Villagers / military | 67 / 13 |
Focus
⚔️ 29.3% · 🌾 70.7%
Armored Elephant ×5 · Petard ×4 · Ratha (Ranged) ×3 · Monk ×1
Match map
Initial resources + every placement click. Lines = walls · curves = elevation contours. ◆ gold · ⬟ stone · ● berries · ✦ relic · ◌ wall gap
Your base· ✓ Closed at 15:43 · 31t walls · 3 gate(s)
AOKI_Thanouille's base· ✓ Closed at 19:51 · 0t walls · 2 gate(s)
Smoothed initial terrain · ◌ = detected wall gap · hover for details
Inputs per minute
— sane - - AOKI_Thanouille
Build order — sane
First 150 of 158 actions detected
| 0:00 | Create | Villager (Male) |
| 0:01 | Create | Villager (Male) |
| 0:01 | Create | Villager (Male) |
| 0:01 | Create | Villager (Male) |
| 0:02 | Build | House |
| 0:04 | Build | House |
| 1:27 | Create | Villager (Male) |
| 1:49 | Build | Lumber Camp |
| 1:56 | Create | Villager (Male) |
| 2:11 | Create | Villager (Male) |
| 2:44 | Create | Villager (Male) |
| 3:01 | Build | Palisade Wall |
| 3:01 | Build | Palisade Wall |
| 3:03 | Build | Palisade Wall |
| 3:09 | Build | Palisade Gate |
| 3:15 | Create | Villager (Male) |
| 3:17 | Build | Palisade Gate |
| 3:22 | Build | Palisade Wall |
| 3:31 | Build | Palisade Wall |
| 3:35 | Build | Palisade Wall |
| 3:37 | Build | Palisade Wall |
| 3:39 | Build | Palisade Wall |
| 3:42 | Create | Villager (Male) |
| 3:43 | Create | Villager (Male) |
| 3:47 | Build | Palisade Wall |
| 3:50 | Build | Palisade Wall |
| 3:57 | Build | House |
| 4:10 | Build | House |
| 4:11 | Build | House |
| 4:25 | Create | Villager (Male) |
| 4:52 | Create | Villager (Male) |
| 5:17 | Create | Villager (Male) |
| 5:27 | Create | Villager (Male) |
| 5:58 | Create | Villager (Male) |
| 6:41 | Create | Villager (Male) |
| 6:42 | Create | Villager (Male) |
| 6:42 | Create | Villager (Male) |
| 6:42 | Create | Villager (Male) |
| 6:44 | Build | Mill |
| 6:52 | Create | Villager (Male) |
| 6:58 | Create | Villager (Male) |
| 7:40 | Build | Farm |
| 7:43 | Build | Farm |
| 7:45 | Build | Farm |
| 7:45 | Create | Villager (Male) |
| 7:52 | Create | Villager (Male) |
| 7:55 | Create | Villager (Male) |
| 8:09 | Create | Villager (Male) |
| 8:56 | Research | Feudal Age |
| 8:57 | Research | Loom |
| 9:02 | Build | Farm |
| 9:17 | Build | Mining Camp |
| 9:50 | Build | Palisade Wall |
| 9:51 | Build | Palisade Wall |
| 10:22 | Create | Villager (Male) |
| 10:24 | Create | Villager (Male) |
| 11:24 | Build | House |
| 11:26 | Build | House |
| 11:46 | Age | Feudal Age |
| 11:49 | Build | Market |
| 11:51 | Build | Blacksmith |
| 12:01 | Research | Double-Bit Axe |
| 12:09 | Create | Villager (Male) |
| 12:39 | Build | Farm |
| 12:41 | Build | Farm |
| 12:42 | Build | Farm |
| 12:45 | Research | Castle Age |
| 12:55 | Build | Mining Camp |
| 13:02 | Build | Palisade Wall |
| 13:02 | Build | Palisade Wall |
| 13:03 | Build | Palisade Wall |
| 13:14 | Create | Villager (Male) |
| 13:15 | Build | Palisade Wall |
| 13:34 | Build | Watch Tower |
| 14:18 | Build | Farm |
| 14:18 | Create | Villager (Male) |
| 14:42 | Build | House |
| 14:43 | Build | House |
| 14:52 | Create | Villager (Male) |
| 15:43 | Age | Castle Age |
| 15:47 | Build | Town Center |
| 15:59 | Research | Bow Saw |
| 15:59 | Research | Bow Saw |
| 16:00 | Create | Villager (Male) |
| 16:33 | Create | Villager (Male) |
| 16:40 | Create | Villager (Male) |
| 17:01 | Create | Villager (Male) |
| 17:17 | Create | Villager (Male) |
| 17:17 | Create | Villager (Male) |
| 17:17 | Create | Villager (Male) |
| 17:18 | Create | Villager (Male) |
| 17:43 | Create | Villager (Male) |
| 17:43 | Create | Villager (Male) |
| 17:59 | Build | Monastery |
| 18:01 | Create | Villager (Male) |
| 18:01 | Create | Villager (Male) |
| 18:10 | Build | Monastery |
| 18:11 | Create | Villager (Male) |
| 18:13 | Build | Farm |
| 18:16 | Create | Villager (Male) |
| 18:21 | Research | Horse Collar |
| 18:22 | Create | Villager (Male) |
| 18:27 | Build | Farm |
| 18:32 | Create | Villager (Male) |
| 18:54 | Build | Lumber Camp |
| 18:55 | Create | Monk |
| 19:05 | Build | Farm |
| 19:08 | Build | Farm |
| 19:17 | Create | Monk |
| 19:18 | Create | Monk |
| 19:23 | Build | Farm |
| 19:32 | Research | Fletching |
| 19:38 | Create | Villager (Male) |
| 19:40 | Build | Farm |
| 19:43 | Build | House |
| 19:46 | Build | House |
| 19:48 | Create | Villager (Male) |
| 20:05 | Build | Farm |
| 20:06 | Build | Farm |
| 20:20 | Build | Castle |
| 20:25 | Create | Villager (Male) |
| 20:34 | Create | Villager (Male) |
| 21:16 | Create | Petard |
| 21:16 | Create | Petard |
| 21:38 | Build | Lumber Camp |
| 21:58 | Create | Petard |
| 21:58 | Create | Villager (Male) |
| 22:00 | Build | Farm |
| 22:02 | Build | Farm |
| 22:04 | Build | Farm |
| 22:04 | Build | Farm |
| 22:06 | Build | Farm |
| 22:08 | Build | Farm |
| 22:09 | Build | Farm |
| 22:22 | Create | Villager (Male) |
| 22:39 | Create | Petard |
| 23:04 | Create | Villager (Male) |
| 23:22 | Create | Petard |
| 23:22 | Create | Petard |
| 23:22 | Create | Petard |
| 23:35 | Build | Siege Workshop |
| 23:39 | Create | Trade Cart |
| 23:39 | Create | Villager (Male) |
| 24:02 | Create | Petard |
| 24:17 | Create | Villager (Male) |
| 24:17 | Create | Villager (Male) |
| 24:21 | Build | Farm |
| 24:45 | Create | Villager (Male) |
| 24:52 | Create | Petard |
| 25:04 | Create | Mangonel |
Build order — AOKI_Thanouille
144 actions detected in the replay
| 0:00 | Create | Villager (Male) |
| 0:00 | Create | Villager (Male) |
| 0:01 | Create | Villager (Male) |
| 0:02 | Build | House |
| 0:02 | Create | Villager (Male) |
| 0:03 | Build | House |
| 1:24 | Create | Villager (Male) |
| 1:45 | Build | Lumber Camp |
| 1:55 | Create | Villager (Male) |
| 2:20 | Create | Villager (Male) |
| 2:39 | Build | House |
| 2:42 | Create | Villager (Male) |
| 3:02 | Create | Villager (Male) |
| 3:26 | Create | Villager (Male) |
| 4:00 | Create | Villager (Male) |
| 4:00 | Create | Villager (Male) |
| 4:20 | Build | Mill |
| 4:29 | Create | Villager (Male) |
| 4:36 | Create | Villager (Male) |
| 4:36 | Research | Loom |
| 6:16 | Research | Feudal Age |
| 6:16 | Research | Feudal Age |
| 6:22 | Build | House |
| 6:59 | Build | Mining Camp |
| 7:14 | Create | Villager (Male) |
| 8:13 | Build | House |
| 8:26 | Age | Feudal Age |
| 8:27 | Research | Double-Bit Axe |
| 8:28 | Create | Villager (Male) |
| 8:44 | Build | Watch Tower |
| 9:05 | Create | Villager (Male) |
| 9:05 | Create | Villager (Male) |
| 9:11 | Build | Blacksmith |
| 9:28 | Create | Villager (Male) |
| 9:51 | Build | Farm |
| 9:59 | Create | Villager (Male) |
| 10:14 | Build | House |
| 10:22 | Build | Farm |
| 10:34 | Build | Watch Tower |
| 10:35 | Create | Villager (Male) |
| 10:51 | Create | Villager (Male) |
| 10:52 | Research | Fletching |
| 11:00 | Build | Farm |
| 11:12 | Build | Farm |
| 11:12 | Create | Villager (Male) |
| 11:44 | Create | Villager (Male) |
| 11:46 | Build | Farm |
| 11:56 | Build | Watch Tower |
| 12:08 | Create | Villager (Male) |
| 12:11 | Build | Farm |
| 12:18 | Create | Villager (Male) |
| 12:27 | Build | House |
| 12:35 | Create | Villager (Male) |
| 12:45 | Create | Villager (Male) |
| 12:46 | Create | Villager (Male) |
| 12:47 | Build | Farm |
| 12:59 | Research | Wheelbarrow |
| 13:23 | Build | Watch Tower |
| 13:33 | Build | Farm |
| 13:33 | Create | Villager (Male) |
| 13:52 | Build | Farm |
| 14:02 | Create | Villager (Male) |
| 14:05 | Create | Villager (Male) |
| 14:11 | Create | Villager (Male) |
| 14:23 | Create | Villager (Male) |
| 14:27 | Create | Villager (Male) |
| 14:42 | Create | Villager (Male) |
| 14:44 | Build | Mining Camp |
| 14:47 | Build | House |
| 15:10 | Create | Villager (Male) |
| 15:22 | Build | Watch Tower |
| 15:31 | Create | Villager (Male) |
| 15:39 | Build | Market |
| 15:42 | Create | Villager (Male) |
| 15:47 | Create | Villager (Male) |
| 16:09 | Create | Villager (Male) |
| 16:36 | Create | Villager (Male) |
| 16:58 | Build | House |
| 17:03 | Research | Castle Age |
| 17:11 | Research | Horse Collar |
| 17:11 | Research | Horse Collar |
| 17:24 | Build | Watch Tower |
| 17:38 | Research | Gold Mining |
| 18:01 | Research | Town Watch |
| 18:09 | Build | Farm |
| 18:56 | Build | Farm |
| 19:10 | Build | House |
| 19:21 | Build | Farm |
| 19:29 | Create | Villager (Male) |
| 19:51 | Age | Castle Age |
| 20:01 | Create | Villager (Male) |
| 20:10 | Build | Castle |
| 20:17 | Research | Bow Saw |
| 20:20 | Create | Villager (Male) |
| 20:20 | Create | Villager (Male) |
| 20:50 | Create | Villager (Male) |
| 20:53 | Build | Farm |
| 20:56 | Create | Villager (Male) |
| 21:26 | Build | Siege Workshop |
| 21:29 | Build | Farm |
| 21:30 | Create | Villager (Male) |
| 21:36 | Build | Farm |
| 21:38 | Create | Villager (Male) |
| 21:55 | Create | Armored Elephant |
| 21:55 | Create | Armored Elephant |
| 21:57 | Create | Villager (Male) |
| 22:21 | Build | Monastery |
| 22:24 | Create | Villager (Male) |
| 22:29 | Create | Petard |
| 22:38 | Create | Armored Elephant |
| 22:42 | Build | Lumber Camp |
| 23:04 | Create | Villager (Male) |
| 23:06 | Create | Ratha (Ranged) |
| 23:11 | Create | Villager (Male) |
| 23:23 | Create | Petard |
| 23:43 | Create | Armored Elephant |
| 23:45 | Create | Villager (Male) |
| 23:50 | Create | Villager (Male) |
| 24:02 | Create | Petard |
| 24:07 | Create | Monk |
| 24:13 | Build | Farm |
| 24:14 | Build | Farm |
| 24:15 | Build | Farm |
| 24:23 | Create | Villager (Male) |
| 24:41 | Create | Armored Elephant |
| 24:46 | Create | Villager (Male) |
| 24:51 | Build | Town Center |
| 24:59 | Build | Farm |
| 25:00 | Create | Villager (Male) |
| 25:13 | Create | Petard |
| 25:23 | Create | Villager (Male) |
| 25:32 | Create | Villager (Male) |
| 25:42 | Build | Town Center |
| 25:45 | Create | Villager (Male) |
| 25:52 | Create | Villager (Male) |
| 25:53 | Create | Ratha (Ranged) |
| 25:58 | Create | Villager (Male) |
| 26:07 | Build | Farm |
| 26:21 | Create | Villager (Male) |
| 26:23 | Create | Ratha (Ranged) |
| 26:29 | Create | Villager (Male) |
| 26:34 | Build | Farm |
| 26:35 | Build | Farm |
| 26:37 | Create | Villager (Male) |
Match timeline
| 3:01 | sane · wall_segment Palisade Wall x1 |
| 3:01 | sane · wall_segment Palisade Wall x1 |
| 3:03 | sane · wall_segment Palisade Wall x1 |
| 3:22 | sane · wall_segment Palisade Wall x1 |
| 3:31 | sane · wall_segment Palisade Wall x1 |
| 3:35 | sane · wall_segment Palisade Wall x1 |
| 3:37 | sane · wall_segment Palisade Wall x1 |
| 3:39 | sane · wall_segment Palisade Wall x1 |
| 3:47 | sane · wall_segment Palisade Wall x1 |
| 3:50 | sane · wall_segment Palisade Wall x1 |
| 8:26 | AOKI_Thanouille · age_up feudal |
| 9:50 | sane · wall_segment Palisade Wall x9 |
| 9:51 | sane · wall_segment Palisade Wall x9 |
| 11:46 | sane · age_up feudal |
| 13:02 | sane · wall_segment Palisade Wall x1 |
| 13:02 | sane · wall_segment Palisade Wall x1 |
| 13:03 | sane · wall_segment Palisade Wall x1 |
| 13:15 | sane · wall_segment Palisade Wall x1 |
| 15:43 | sane · age_up castle |
| 15:58 | sane · first_market_buy 100 wood |
| 16:50 | AOKI_Thanouille · first_market_sell 100 wood |
| 17:59 | sane · first_building Monastery |
| 18:45 | AOKI_Thanouille · first_market_buy 100 stone |
| 19:51 | AOKI_Thanouille · age_up castle |
| 20:10 | AOKI_Thanouille · first_building Castle |
| 20:16 | sane · first_market_sell 100 food |
| 20:20 | sane · first_building Castle |
| 21:26 | AOKI_Thanouille · first_building Siege Workshop |
| 22:21 | AOKI_Thanouille · first_building Monastery |
| 23:35 | sane · first_building Siege Workshop |
| 26:48 | sane · resign |
[ AI ANALYSIS · 1 CREDIT ]
What really happened in this match?
Wolo.gg analyzes every decision: build order, eco, micro, common mistakes by bracket. Personalized analysis on WhatsApp or Discord in 30 seconds.
Civ guide
Goths
Perfil
Jugador #4116886